 Dungeon Crawl Stone Soup version 0.30-a0-748-ge6a52f7cba (webtiles) character file.

Game seed: 1866464844561613613

77 Aneyh the Trooper (level 4, 0/31 HPs)
             Began as a Tengu Monk on Feb 8, 2023.
             Slain by an orc wizard
             ... wielding a +0 dagger
              (2 damage)
             ... on level 3 of the Dungeon.
             The game lasted 00:03:34 (1759 turns).

Aneyh the Trooper (Tengu Monk)                      Turns: 1759, Time: 00:03:34

Health: 0/31       AC:  2    Str: 13    XL:     4   Next: 33%
Magic:  5/5        EV: 13    Int: 11    God:
Gold:   82         SH:  0    Dex: 16    Spells: 3/3 levels left

rFire   . . .      SeeInvis .    a - +0 spear
rCold   . . .      Faith    .    (no shield)
rNeg    . . .      Spirit   .    b - +0 robe
rPois   .          Reflect  .    (helmet restricted)
rElec   .          Harm     .    (no cloak)
rCorr   .          Rampage  .    (no gloves)
Will    .....                    (boots unavailable)
Stlth   ++                       (no amulet)
HPRegen 0.25/turn                (no ring)
MPRegen 0.09/turn                (no ring)

@: no status effects
A: beak, talons 3
a: no special abilities


You were on level 3 of the Dungeon.
You visited 1 branch of the dungeon, and saw 3 of its levels.

You collected 82 gold pieces.

Inventory:

Hand Weapons
 a - a +0 spear (weapon)
Missiles
 k - 6 poisoned darts (quivered)
Armour
 b - a +0 robe (worn)
 e - a +0 ring mail
Scrolls
 d - 3 scrolls of teleportation {unknown}
 f - a scroll of poison {unknown}
 g - 2 scrolls of fear {unknown}
 h - a scroll of noise {unknown}
 j - a scroll of magic mapping {unknown}
Potions
 c - 2 potions of ambrosia
 i - a potion of flight {unknown}


   Skills:
 + Level 5.0 Fighting
 - Level 3.2 Polearms
 - Level 3.2 Dodging
 - Level 2.0 Stealth


You had 3 spell levels left.
You didn't know any spells.
Your spell library was empty.

Dungeon Overview and Level Annotations

Branches:
Dungeon (3/15)

Altars:


Innate Abilities, Weirdness & Mutations

You have a beak for a mouth.
You have claws for feet.


Message History

You bump into the rock wall.
Something hits you.
Found 4 gold pieces.
You bump into the rock wall.
Something barely misses you.
You hit something but do no damage. You claw something.
You hear some strange, mumbled words.
Something tries to affect you, but you resist.
You completely miss something. Your kick misses something. You peck something.
Something hits you.
You miss something. Your peck misses something.
You feel less confused. Something hits you.
You barely miss something. Your kick misses something.
Something completely misses you.
You barely miss something. You claw something. Your peck misses something.
You hear some strange, mumbled words.
You are confused.
You bump into the rock wall.
Something hits you.
You bump into the rock wall.
Something hits you.
You miss something. Your peck misses something. Something hits you.
* * * LOW HITPOINT WARNING * * *
You closely miss something. Something hits you.
* * * LOW HITPOINT WARNING * * *
You hit something. Something hits you.
* * * LOW HITPOINT WARNING * * *
You hit something but do no damage. Your peck misses something.
Something hits you but does no damage.
You're too confused to move!
You feel less confused. Something hits you but does no damage.
You hit something but do no damage. Your kick misses something.
Your peck misses something. Something hits you.
* * * LOW HITPOINT WARNING * * *
You hit something. Your kick misses something. Your peck misses something.
Your punch misses something. Something hits you.
* * * LOW HITPOINT WARNING * * *
You closely miss something. Your kick misses something. You miss something.
Something hits you.
* * * LOW HITPOINT WARNING * * *
You closely miss something. Something hits you.
You die...

#....# #....# ###.$.........#
#.#.## ..............# .......
..............#.# .# ###....
..............#.# .# ##
........ ..............#.# .#
... ###..... ..............#.#
.##...
#....................#.##.#....
#.........# #@##...........#
#.........# #{##.#....r..###r#
#.........# #)#...............
#.........# ##)...##†#.........
#.........###...#'##o..........
#..............#............#..
###........).....#............#
.
.........###..................#
####...#.##......#............#


There were no monsters in sight!

Vanquished Creatures
  An adder (D:2)
  2 worms (D:2)
  2 dart slugs (D:2)
  4 orcs (D:3)
  5 endoplasms
  2 giant cockroaches
  6 goblins
  6 hobgoblins
  3 quokkas
  8 ball pythons
  2 bats
  3 frilled lizards
  3 kobolds
  2 rats
49 creatures vanquished.

Notes
Turn   | Place    | Note
-------+----------+-------------------------------------------
     0 | D:1      | Aneyh the Tengu Monk began the quest for the Orb.
     0 | D:1      | Reached XP level 1. HP: 14/14 MP: 2/2
   105 | D:1      | Reached XP level 2. HP: 19/19 MP: 3/3
   355 | D:1      | Reached skill level 4 in Fighting
   453 | D:1      | Reached XP level 3. HP: 21/24 MP: 4/4
   852 | D:2      | Found a faded altar of an unknown god.
  1365 | D:2      | Reached XP level 4. HP: 30/30 MP: 5/5
  1729 | D:3      | Reached skill level 5 in Fighting
  1759 | D:3      | Slain by an orc wizard

Illustrated notes

Levels and vault maps discovered:
D:1:      dpeg_arrival_solitude, layout_rooms, nrook_campfire, kennysheep_boxes
D:2:      layout_loops_cross, shapermc_ecumenical_altar_mp_vishouse
D:3:      layout_basic

Skill      XL: |  1  2  3  4 |
---------------+-------------+-----
Fighting       | 4 5 |  5.0
Polearms       | |  3.2
Dodging        | |  3.2
Stealth        | |  2.0

Action                     |  1- 3 |  4- 6 || total
---------------------------+-------+-------++-------
  Melee: Spear             |   104 |    51 ||   155
         Kick              |    26 |     8 ||    34
         Peck              |    10 |     6 ||    16
   Stab: Sleeping          |     7 |     6 ||    13
         Distracted        |     1 |       ||     1
 Armour: Robe              |     7 |     5 ||    12
  Dodge: Dodged            |    29 |    20 ||    49

Table legend: (Time is in decaauts)
 A = Elapsed time spent in this place.
 B = Non-inter-level travel time spent in this place.
 C = Inter-level travel time spent in this place.
 D = Time resting spent in this place.
 E = Time spent auto-exploring this place.
 F = Levels seen in this place.
 G = Mean time per level.
                   A        B        C        D        E       F      G
               +--------+--------+--------+--------+--------+-----+--------+
         Total |   1775 |   1717 |     58 |    107 |   1250 |   3 |  591.7 |
       Dungeon |   1775 |   1717 |     58 |    107 |   1250 |   3 |  591.7 |
               +--------+--------+--------+--------+--------+-----+--------+

Top non-repeatable levels by time:
     D:2: 830 daAuts
     D:1: 690 daAuts
     D:3: 254 daAuts
